 Dungeon Crawl Stone Soup version 0.31-a0-128-g25add195a6 (webtiles) character file.

Game seed: 18143656830721592304

2267 jasper the Nimble (level 9, -29/48 HPs)
             Began as a Spriggan Summoner on June 1, 2023.
             Was an Initiate of Sif Muna.
             Killed by an exploding themself (47 damage)
             ... ignited by their inner flame
             ... on level 6 of the Dungeon.
             The game lasted 00:17:10 (6387 turns).

jasper the Nimble (Spriggan Summoner)               Turns: 6387, Time: 00:17:11

Health: -29/48     AC:  3    Str: 10    XL:     9   Next: 16%
Magic:  5/14       EV: 22    Int: 21    God:    Sif Muna [......]
Gold:   294        SH:  0    Dex: 15    Spells: 4/13 levels left

rFire   . . .        q - +2 orcbow (freeze)
rCold   . . .        (shield currently unavailable)
rNeg    . . .        a - +0 robe
rPois   .            (helmet restricted)
rElec   .            o - +0 cloak
rCorr   .            (gloves unavailable)
SInv    +            (boots unavailable)
Will    +....        (no amulet)
Stlth   ++           c - +6 ring of strength
HPRegen 0.28/turn    t - ring of flight
MPRegen 0.14/turn

%: no passive effects
@: flying, very quick
A: very small, no large weapons, unfitting armour, see invisible, speed 3
a: Renounce Religion


You were on level 6 of the Dungeon.
You worshipped Sif Muna.
Sif Muna was noncommittal.
You visited 2 branches of the dungeon, and saw 7 of its levels.

You collected 294 gold pieces.

Inventory:

Hand Weapons
 d - a +0 dagger
 g - a +0 spear
 q - a +2 orcbow of freezing (weapon)
Missiles
 x - 6 curare-tipped darts
 y - 2 throwing nets
Armour
 a - a +0 robe (worn)
 o - a +0 cloak (worn)
Jewellery
 c - a +6 ring of strength (left hand)
 e - a ring of wizardry
 t - a ring of flight (right hand)
Wands
 s - a wand of paralysis (5)
Scrolls
 h - 3 scrolls of teleportation
 r - a scroll of vulnerability
 w - a scroll of identify
Potions
 b - 2 potions of magic
 f - a potion of heal wounds
 i - a potion of ambrosia
 j - 3 potions of attraction
 k - 4 potions of curing
 l - 3 potions of lignification
 m - 2 potions of brilliance
 n - a potion of haste
 p - a potion of enlightenment {unknown}
 u - a potion of cancellation {unknown}
 v - a potion of resistance {unknown}
 z - a potion of mutation {unknown}


   Skills:
 + Level 5.9 Fighting
 + Level 9.9 Dodging
 - Level 3.0 Stealth
 - Level 2.6 Spellcasting
 - Level 5.0 Hexes
 - Level 5.2 Summonings


You had 4 spell levels left.
You knew the following spells:

 Your Spells              Type           Power      Damage    Failure   Level
a - Summon Small Mammal   Summ           96%        N/A       1%          1
b - Call Imp              Summ           48%        N/A       2%          2
c - Call Canine Familiar  Summ           24%        N/A       4%          3
d - Summon Guardian Gole  Hex/Summ       24%        N/A       4%          3

Your spell library contained the following spells:

 Spells                   Type           Power      Damage    Failure   Level
 Tukima's Dance           Hex            23%        N/A       5%          3
 Portal Projectile        Hex/Tloc       26%        N/A       14%         3
 Sublimation of Blood     Necr           2%         N/A       21%         2
 Stone Arrow              Conj/Erth      4%         3d7       38%         3
 Animate Armour           Summ/Erth      26%        N/A       43%         4
 Summon Lightning Spire   Summ/Air       13%        N/A       43%         4
 Petrify                  Tmut/Erth      2%         N/A       80%         4
 Blade Hands              Tmut           1%         N/A       98%         5
 Irradiate                Conj/Tmut      1%         3d12      98%         5
 Lehudib's Crystal Spear  Conj/Erth      1%         10d2      100%        8


Dungeon Overview and Level Annotations

Branches:
Dungeon (6/15)             Temple (1/1) D:6

Altars:
Dithmenos
Elyvilon
Fedhas
Kikubaaqudgha
Makhleb
Nemelex Xobeh
Qazlal
Sif Muna
Trog
Uskayaw
Xom
The Shining One

Shops:
D:1 :


Innate Abilities, Weirdness & Mutations

You are very small and have problems with some larger weapons.
You are too small for most types of armour.
You have supernaturally acute eyesight. (SInv)
You cover ground extremely quickly. (Speed+++)


Message History

What are your orders? t - Shout!
Orders for allies: a - Attack new target. p - Attack previous target. r - Retreat! s - Stop attacking. g - Guard the area. f - Follow me.
Anything else - Cancel.
Gang up on whom?
Press: ? - help, Dir - move target, f/p - vampire
Aim: a vampire (slightly transparent)
The vampire is invisible, and you have no allies that can see it.
Casting: Summon Guardian Golem (dangerous; 4% risk of failure)
Confirm with . or Enter, or press ? or * to list all spells.
The vampire hits your guardian golem.
The vampire barely misses your guardian golem.
You now have 4/14 mp.
What are your orders? t - Shout!
Orders for allies: a - Attack new target. p - Attack previous target. r - Retreat! s - Stop attacking. g - Guard the area. f - Follow me.
Anything else - Cancel.
Gang up on whom?
Press: ? - help, Dir - move target, f/p - vampire
Aim: a vampire (slightly transparent, ally target) Attack!
The vampire is invisible, and your guardian golem can't see it.
The vampire hits your guardian golem! The vampire bites your guardian golem!
Your hound bites the vampire but does no damage.
Your hound bites the vampire but does no damage.
Your guardian golem overheats!
The vampire hits your guardian golem but does no damage.
The vampire bites your guardian golem. Flame seeps out of your guardian golem.
Your hound barely misses the vampire.
Your hound closely misses the vampire.
Your guardian golem is engulfed in blazing flames.
Flame seeps out of your guardian golem. The vampire hits your guardian golem!
Your guardian golem disappears in a puff of smoke!
Your guardian golem explodes!
The fiery explosion engulfs you!!!
Ouch! That really hurt!
You die...

**+#####....##...........##>...#*
,,,......)).........##..W##....##
,,,.........##########.†§##.....#
,,,......)))#........#..........#
#+########)##........#...9V.....#
...........).........#...###§####
.....................#####......#
................§§h.............#
................@○VW............#
................§§§~§...........#
.................~~§~~..........#
................§~~§§§§.........#
##########'#####~§~>§§§..#####...
#...............~~§~§§~..#...#...
#................~§§~~...'...#...
'.................~§~....#...#...
#..................#.....#...#...


You could see a vampire (ally target), a phantom and a friendly hound (summoned,
sheltered).

Vanquished Creatures
  A black bear (D:4)
  A sky beast (D:6)
  An ogre (D:4)
  A lemure (D:4)
  Blork the orc (D:5)
  A jelly (D:6)
  A howler monkey (D:5)
  2 orc priests
  A sleepcap (D:4)
  4 gnolls
  8 adders
  A white imp (D:6)
  An ufetubus (D:5)
  2 worms
  2 dart slugs (D:5)
  16 orcs
  3 ball pythons
  8 endoplasms
  2 giant cockroaches (D:1)
  4 hobgoblins
  4 kobolds
  2 quokkas
  A frilled lizard (D:3)
68 creatures vanquished.

Vanquished Creatures (collateral kills)
  Sigmund (D:5)
  2 ice beasts
  An ogre (D:6)
  A lemure (D:4)
  A phantom (D:5)
  2 scorpions
  An orc priest (D:5)
  A hound (D:5)
  An iguana (D:4)
  Ijyb (D:3)
  2 orc wizards
  6 gnolls
  2 adders (D:4)
  2 dart slugs
  6 orcs
  6 ball pythons
  3 endoplasms
  4 giant cockroaches
  2 goblins (D:1)
  6 hobgoblins
  A bat (D:1)
  5 frilled lizards
  2 kobolds
  3 rats
62 creatures vanquished.

Vanquished Creatures (others)
  Pikel (D:4)
  A steam dragon (D:6)
  A gnoll sergeant (D:6)
  An iguana (D:6)
  An orc wizard (D:6)
  A gnoll (D:6)
6 creatures vanquished.

Grand Total: 136 creatures vanquished

Notes
Turn   | Place    | Note
-------+----------+-------------------------------------------
     0 | D:1      | jasper the Spriggan Summoner began the quest for the Orb.
     0 | D:1      | Reached XP level 1. HP: 9/9 MP: 5/5
     2 | D:1      | Noticed a merfolk
     4 | D:1      | Noticed a minotaur
     4 | D:1      | Noticed an elf
     6 | D:1      | Noticed a demonspawn
     8 | D:1      | Noticed a naga
    10 | D:1      | Noticed a human
    10 | D:1      | Noticed a spriggan
    12 | D:1      | Noticed a tengu
    12 | D:1      | Noticed a demigod
    14 | D:1      | Noticed a meteoran
    14 | D:1      | Noticed a gargoyle
    16 | D:1      | Noticed an octopode
    16 | D:1      | Noticed a vine stalker
    18 | D:1      | Noticed an ogre
    18 | D:1      | Noticed a troll
    20 | D:1      | Noticed a draconian
    20 | D:1      | Noticed a felid
    22 | D:1      | Noticed a formicid
    22 | D:1      | Noticed an armataur
    24 | D:1      | Noticed a vampire
    24 | D:1      | Noticed a vine stalker
    26 | D:1      | Noticed a human
    78 | D:1      | Found Vuodop's Book Shop.
   173 | D:1      | Reached XP level 2. HP: 13/13 MP: 3/6
   177 | D:1      | Learned a level 2 spell: Call Imp
   664 | D:1      | Reached XP level 3. HP: 16/16 MP: 5/8
   668 | D:1      | Learned a level 3 spell: Call Canine Familiar
  2015 | D:3      | Found a faded altar of an unknown god.
  2055 | D:3      | Reached XP level 4. HP: 14/21 MP: 7/9
  2133 | D:3      | Reached skill level 5 in Summonings
  2257 | D:3      | Noticed Ijyb
  2270 | D:3      | Killed Ijyb
  2271 | D:3      | Reached skill level 3 in Dodging
  2271 | D:3      | Reached XP level 5. HP: 25/25 MP: 5/10
  2741 | D:4      | Reached skill level 1 in Fighting
  2868 | D:4      | Found a shimmering altar of Xom.
  2870 | D:4      | Noticed an ogre
  2872 | D:4      | Noticed a lemure
  2874 | D:4      | Noticed a lemure
  2878 | D:4      | Noticed a lemure
  2878 | D:4      | Noticed a lemure
  2961 | D:4      | Killed a lemure
  3013 | D:4      | Reached skill level 4 in Dodging
  3155 | D:5      | Entered Level 5 of the Dungeon
  3291 | D:5      | Reached XP level 6. HP: 30/30 MP: 8/11
  3329 | D:5      | Noticed Blork the orc
  3401 | D:5      | Killed Blork the orc
  3402 | D:5      | Reached skill level 5 in Dodging
  3511 | D:5      | Found a blossoming altar of Fedhas.
  3512 | D:5      | Noticed Sigmund
  3518 | D:5      | Killed Sigmund
  3519 | D:5      | Reached skill level 6 in Dodging
  3519 | D:5      | Reached XP level 7. HP: 36/36 MP: 8/12
  3819 | D:5      | Learned a level 3 spell: Summon Guardian Golem
  4077 | D:5      | Reached skill level 1 in Hexes
  4679 | D:4      | Noticed Pikel
  4733 | D:4      | Killed Pikel
  4734 | D:4      | Reached skill level 5 in Hexes
  4734 | D:4      | Reached skill level 8 in Dodging
  4734 | D:4      | Reached XP level 8. HP: 42/42 MP: 8/13
  5336 | D:6      | Reached skill level 5 in Fighting
  5458 | D:6      | Found a staircase to the Ecumenical Temple.
  5481 | Temple   | Entered the Ecumenical Temple
  5553 | Temple   | Became a worshipper of Sif Muna the Loreminder
  5658 | D:6      | Reached skill level 9 in Dodging
  5886 | D:6      | Reached XP level 9. HP: 45/48 MP: 11/14
  6387 | D:6      | Killed by an exploding themself... ignited by their inner
                  | flame

Illustrated notes

Levels and vault maps discovered:
D:1:      kb_arrival_jail, layout_rooms, serial_shops, nicolae_shop_stone
D:2:      layout_loops_corners
D:3:      layout_loops_cross, hellmonk_ecumenical_altar_slurped_away, uniq_ijyb
D:4:      layout_basic, xom_teletrap_fun, uniq_pikel
D:5:      layout_basic, fedhas_altar_3, uniq_sigmund, uniq_blork_the_orc
D:6:      layout_gridville, minmay_temple_entry_mist, grunt_ministairs_14,
          hellmonk_bongcloud_opening
Temple:   eino_temple_lava

Skill      XL: |  1  2  3  4  5  6  7  8 |
---------------+-------------------------+-----
Summonings     | 4 5 |  5.2
Dodging        | 3 4 6 8 9 |  9.9
Fighting       | 1 3 4 5 |  5.9
Hexes          | 5 |  5.0
Stealth        | |  3.0
Spellcasting   | |  2.6

Action                     |  1- 3 |  4- 6 |  7- 9 || total
---------------------------+-------+-------+-------++-------
  Melee: Unarmed           |     8 |       |       ||     8
         Dagger            |    16 |       |       ||    16
         Spear             |    17 |       |       ||    17
   Fire: Orcbow            |    18 |    88 |   141 ||   247
   Cast: Summon Small Mamm |    11 |       |       ||    11
         Call Imp          |    22 |     7 |     3 ||    32
         Call Canine Famil |       |    17 |    25 ||    42
         Summon Guardian G |       |       |    12 ||    12
    Use: Scroll            |     5 |     5 |     4 ||    14
         Potion            |       |     1 |       ||     1
   Stab: Sleeping          |     2 |       |       ||     2
 Armour: Robe              |     6 |     5 |     7 ||    18
  Dodge: Dodged            |    39 |    25 |   103 ||   167

Table legend: (Time is in decaauts)
 A = Elapsed time spent in this place.
 B = Non-inter-level travel time spent in this place.
 C = Inter-level travel time spent in this place.
 D = Time resting spent in this place.
 E = Time spent auto-exploring this place.
 F = Levels seen in this place.
 G = Mean time per level.
                   A        B        C        D        E       F      G
               +--------+--------+--------+--------+--------+-----+--------+
         Total |   4990 |   4812 |    178 |    362 |   3214 |   7 |  712.9 |
       Dungeon |   4941 |   4774 |    167 |    362 |   3181 |   6 |  823.5 |
        Temple |     49 |     38 |     11 |      0 |     33 |   1 |   49.0 |
               +--------+--------+--------+--------+--------+-----+--------+

Top non-repeatable levels by time:
     D:4: 1084 daAuts
     D:5: 1014 daAuts
     D:6: 832 daAuts
     D:2: 730 daAuts
     D:1: 681 daAuts
     D:3: 597 daAuts
  Temple: 49 daAuts
